 Dungeon Crawl Stone Soup version 0.32-a0-953-g508020473e (webtiles) character file.

Game seed: 10961562975680507747

333 jasper the Changeling (level 6, -1/38 HPs)
             Began as a Djinni Shapeshifter on Apr 16, 2024.
             Slain by a gnoll
             ... wielding a +0 spear
             ... led by a gnoll sergeant
              (5 damage)
             ... on level 4 of the Dungeon.
             The game lasted 00:04:52 (2739 turns).

jasper the Changeling (Djinni Shapeshifter)         Turns: 2739, Time: 00:04:53

Health: -1/38      AC:  1    Str: 13    XL:     6   Next: 83%
Gold:   136        EV: 15    Int: 13    God:
                   SH:  0    Dex: 13

rFire   + +          .
                       - Unarmed
rCold   x . .        (shield currently unavailable)
rNeg    . . .        a - melded +0 animal skin
rPois   ∞            (no helmet)
rElec   .            (no cloak)
rCorr   .            e - +0 pair of gloves
SInv    .            (boots unavailable)
Will    .....        (no amulet)
Stlth   +            (no ring)
HPRegen 0.26/turn    (no ring)

%: infuse magic (-2 HP)
@: flux-form, flying, glowing
A: glow, contaminating, flying, reduced hp, sickness immunity, fire resistance
2, cold vulnerability 1, float, innate caster, HP casting, extra vitality 1
a: Begin Untransformation


You were on level 4 of the Dungeon.
You were something dangerously unstable.
You visited 1 branch of the dungeon, and saw 4 of its levels.

You collected 136 gold pieces.

Inventory:

Hand Weapons
 b - a +4 heavy dire flail
 j - a +0 dagger of electrocution
Missiles
 g - 46 stones (quivered)
 i - 4 boomerangs
Armour
 a - a +0 animal skin (melded)
 e - a +0 pair of gloves (worn)
 m - a scarf of invisibility
 s - a +3 ring mail of fire resistance
Jewellery
 k - a ring of fire
Talismans
 c - a beast talisman
 d - a flux talisman (active)
Scrolls
 f - 4 scrolls of noise
 h - a scroll of immolation {unknown}
 o - 4 scrolls of identify {unknown}
 p - a scroll of fog {unknown}
 t - a scroll of acquirement {unknown}
 u - a scroll of brand weapon {unknown}
Potions
 l - a potion of curing
 n - a potion of cancellation {unknown}
 q - a potion of might {unknown}
 r - a potion of degeneration {unknown}


   Skills:
 - Level 1.0 Fighting
 - Level 2.1 Dodging
 - Level 3.0 Unarmed Combat
 + Level 6.0 Shapeshifting


You knew the following spells:

 Your Spells              Type           Power      Damage    Failure   Level
a - Magic Dart            Conj           0%         1d3       30%         1
b - Jinxbite              Hex            0%         N/A       43%         2
Your spell library was empty.

Dungeon Overview and Level Annotations

Branches:
Dungeon (4/15)
 Temple: D:4-7

Altars:
Xom


Innate Abilities, Weirdness & Mutations

You are something dangerously unstable.
You glow with magical radiation, making you easy to see and hit.
Foes you strike become dangerously contaminated with magical radiation.
You are flying.
Your maximum health is decreased, since you lack skill for your form.
You are incapable of wielding weapons or throwing items.
You are immune to sickness and miasma.
You are immune to poison.
Your flesh is very heat resistant. (rF++)
You are vulnerable to cold. (rC-)
You float through the air rather than walking.
You learn spells naturally, not from books.
Your magical power is your life essence.
You have superior vitality. (+4 MHP)


Message History

You take 2 damage, and have 36/38 hp.
You hit the ball python.
You kill the ball python!
The gnoll hits you from afar with a +0 spear!
You take 6 damage, and have 30/38 hp.
The gnoll completely misses you. The gnoll closely misses you.
You see here a ball python corpse.
You hit the gnoll.
The gnoll begins to glow.
The gnoll is moderately wounded.
The gnoll hits you with a +0 spear. The gnoll misses you.
You take 6 damage, and have 24/38 hp.
You barely miss the gnoll.
The gnoll is moderately wounded.
The gnoll barely misses you.
The gnoll hits you from afar with a +0 spear.
You take 3 damage, and have 21/38 hp.
You hit the gnoll.
The gnoll glows dangerously bright.
The gnoll is heavily wounded.
The gnoll hits you with a +0 spear.
The gnoll hits you from afar with a +0 spear!
You take 8 damage, and have 13/38 hp.
MASSIVE DAMAGE!!
You hit the gnoll but do no damage.
The gnoll shudders as magic cascades through it.
The gnoll twists and deforms.
The gnoll is heavily wounded.
The gnoll hits you with a +0 spear.
* * * LOW HITPOINT WARNING * * *
The gnoll closely misses you.
You take 3 damage, and have 10/38 hp.
You hit the gnoll.
The gnoll begins to glow.
The gnoll is severely wounded.
The gnoll barely misses you.
The gnoll hits you from afar with a +0 spear.
* * * LOW HITPOINT WARNING * * *
You take 6 damage, and have 4/38 hp.
You hit the gnoll.
The gnoll glows dangerously bright.
The gnoll is almost dead.
The gnoll misses you.
The gnoll hits you from afar with a +0 spear.
You die...

.####.##..#.## . .# #.###...## .#
#.# ##g..# .# #.# ##..# .####.#
#.g# ......# .+....#####..#
#.....# .# #.........### #.....#
## #.).........#####.....+ #
#.......###ggp..#.....######## #
#.......# #####.#.....#....... #
#.....).# #.#.##..........
####.......## #...##..........
##..........# ###..#..........
##..........# #####..+....######
##..........####......#........##
''............##......#.....##.##
##............##......#........##


You could see 2 gnolls.

Vanquished Creatures
  Edmund (D:4)
  An orc priest (D:3)
  An iguana (D:4)
  2 orc wizards
  4 adders
  3 dart slugs
  A ribbon worm (D:2)
  5 orcs
  10 ball pythons
  5 bats
  5 endoplasms
  5 goblins
  6 hobgoblins
  3 quokkas
  3 frilled lizards
  7 kobolds
  A rat (D:3)
63 creatures vanquished.

Notes
Turn   | Place    | Note
-------+----------+-------------------------------------------
     0 | D:1      | jasper the Djinni Shapeshifter began the quest for the Orb.
     0 | D:1      | Reached XP level 1. HP: 17/17 MP: 0/0
   131 | D:1      | Reached skill level 3 in Shapeshifting
   133 | D:1      | Reached XP level 2. HP: 13/22 MP: 0/0
   615 | D:1      | Reached XP level 3. HP: 27/27 MP: 0/0
   615 | D:1      | Learned a level 1 spell: Magic Dart
   646 | D:1      | You are sucked into a shaft and drop 1 floor!
   810 | D:2      | Reached skill level 4 in Shapeshifting
   810 | D:2      | Reached XP level 4. HP: 20/32 MP: 0/0
   899 | D:2      | Found a shimmering altar of Xom.
  1538 | D:3      | Reached XP level 5. HP: 37/37 MP: 0/0
  1538 | D:3      | Learned a level 2 spell: Jinxbite
  2037 | D:3      | Reached skill level 5 in Shapeshifting
  2334 | D:4      | Noticed Edmund
  2352 | D:4      | Killed Edmund
  2353 | D:4      | Reached XP level 6. HP: 39/42 MP: 0/0
  2599 | D:4      | Reached skill level 6 in Shapeshifting
  2739 | D:4      | Slain by a gnoll

Illustrated notes

Levels and vault maps discovered:
D:1:      dpeg_arrival_snail, layout_basic
D:2:      layout_rooms, basic_altar, kennysheep_generic_room_12
D:3:      layout_basic
D:4:      layout_basic, uniq_edmund

Skill      XL: |  1  2  3  4  5  6 |
---------------+-------------------+-----
Shapeshifting  | 3 4 5 6 |  6.0
Fighting       | |  1.0
Dodging        | |  2.1
Unarmed Combat | |  3.0

Action                     |  1- 3 |  4- 6 || total
---------------------------+-------+-------++-------
  Melee: Unarmed           |    76 |    54 ||   130
         Dagger            |       |    81 ||    81
  Throw: Stone             |     2 |       ||     2
    Use: Potion            |       |     4 ||     4
         Scroll            |       |     2 ||     2
   Stab: Sleeping          |     2 |     3 ||     5
         Distracted        |       |     1 ||     1
 Armour: Animal skin       |    51 |    49 ||   100
         Skin              |       |    32 ||    32
  Dodge: Dodged            |    44 |    66 ||   110
   Form: Flux              |       |     1 ||     1

Table legend: (Time is in decaauts)
 A = Elapsed time spent in this place.
 B = Non-inter-level travel time spent in this place.
 C = Inter-level travel time spent in this place.
 D = Time resting spent in this place.
 E = Time spent auto-exploring this place.
 F = Levels seen in this place.
 G = Mean time per level.
                   A        B        C        D        E       F      G
               +--------+--------+--------+--------+--------+-----+--------+
         Total |   2730 |   2706 |     24 |    348 |   1769 |   4 |  682.5 |
       Dungeon |   2730 |   2706 |     24 |    348 |   1769 |   4 |  682.5 |
               +--------+--------+--------+--------+--------+-----+--------+

Top non-repeatable levels by time:
     D:3: 1097 daAuts
     D:1: 681 daAuts
     D:2: 518 daAuts
     D:4: 434 daAuts
